 Dungeon Crawl Stone Soup version 0.25-a0-597-gb30770a0c0 (webtiles) character file.

Game seed: 4071202997342332518, levelgen mode: deterministic

130167 Emblim88 the Blocker (level 17, -24/135 HPs)
             Began as a Gnoll Fighter on Mar 15, 2020.
             Was an Initiate of Gozag.
             Killed from afar by an Ice Fiend (65 damage)
             ... with a bolt of cold
             ... in an ice cave.
             The game lasted 02:18:37 (35016 turns).

Emblim88 the Blocker (Gnoll Fighter)               Turns: 35016, Time: 02:18:38

Health: -24/135    AC:  9    Str: 25    XL:     17   Next: 7%
Magic:  32/32      EV: 18    Int: 17    God:    Gozag
Gold:   3887       SH: 30    Dex: 16    Spells: 4/38 levels left

rFire    + . .     SeeInvis .   m - +3 long sword "Fanar" {flame, *Drain rPois MR+ Int+3}
rCold    . . .     Gourm    .   P - +5 tower shield
rNeg     . . .     Faith    .   V - +3 robe of Clouds {+Thunder rCloud rElec}
rPois    +         Spirit   .   (no helmet)
rElec    +         Reflect  +   q - scarf {repulsion}
rCorr    +         Harm     .   M - +0 pair of gloves
MR       ++...                  p - +0 pair of boots
Stlth    +++++.....             y - amulet "Veyrisch" {Reflect rPois SH+5}
HPRegen  0.32/turn              L - ring "Odogucurr" {Fire *Drain +Blink +Inv rPois}
MPRegen  0.23/turn              F - ring "Yvoneam" {rC+ rCorr Int+4}

@: sluggish, repel missiles, very slow
A: distributed training, fangs 1, strong nose
a: Potion Petition, Call Merchant, Bribe Branch, Renounce Religion, Evoke Blink,
Evoke Thunderclouds, Evoke Invisibility


You were in an ice cave.
You worshipped Gozag.
Gozag was most pleased with you.
You were hungry.

You visited 5 branches of the dungeon, and saw 27 of its levels.
You also visited: Bailey and Ice Cave.

You collected 8943 gold pieces.
You spent 3816 gold pieces at shops.
You paid 1240 gold pieces to Gozag.

Inventory:

Hand Weapons
 k - a +1 demon blade of venom
 m - the +3 long sword "Fanar" (weapon) {flame, *Drain rPois MR+ Int+3}
   (You found it in an ice cave)

   It has been specially enchanted to burn those struck by it, causing extra
   injury to most foes and up to half again as much damage against particularly
   susceptible opponents.
   Big, fiery blades are also staple armaments of hydra-hunters.
   It affects your intelligence (+3).
   It protects you from poison.
   It affects your resistance to hostile enchantments.
   It causes draining when unequipped.
 X - the +9 hunting sling of Fobb {venom, rC+ MR+}
   (You bought it in a shop on level 10 of the Dungeon)

   It poisons the ammo it fires.
   It protects you from cold.
   It affects your resistance to hostile enchantments.
Missiles
 i - 7 javelins
 l - 51 poisoned darts (quivered)
 u - 4 silver javelins
 Y - 57 sling bullets
Armour
 p - a +0 pair of boots (worn)
 q - a scarf of repulsion (worn)
 M - a +0 pair of gloves (worn)
 P - a +5 tower shield (worn)
 V - the +3 robe of Clouds (worn) {+Thunder rCloud rElec}
   (You bought it in a shop on level 2 of the Orcish Mines)

   It insulates you from electricity.
Jewellery
 y - the amulet "Veyrisch" (around neck) {Reflect rPois SH+5}
   (You acquired it on level 14 of the Dungeon)

   [amulet of reflection]

   It shields you and reflects attacks.
   It protects you from poison.
   It affects your SH (+5).
 D - an uncursed ring of protection from cold
 F - the ring "Yvoneam" (right hand) {rC+ rCorr Int+4}
   (You bought it in a shop on level 9 of the Dungeon)

   [ring of resist corrosion]

   It affects your intelligence (+4).
   It protects you from cold.
   It provides partial protection from all sources of acid and corrosion.
 L - the ring "Odogucurr" (left hand) {Fire *Drain +Blink +Inv rPois}
   (You took it off an entropy weaver on level 1 of the Spider Nest)

   [ring of fire]

   It enhances your fire magic.
   It protects you from fire.
   It makes you vulnerable to cold.
   It protects you from poison.
   It lets you turn invisible.
   It lets you blink.
   It causes draining when unequipped.
 Q - an uncursed ring of protection from cold
Wands
 b - a wand of polymorph (9)
 s - a wand of iceblast (5)
 t - a wand of random effects (22)
 w - a wand of paralysis (20)
 x - a wand of disintegration (33)
 T - a wand of clouds (2)
Scrolls
 a - 5 scrolls of amnesia
 g - 5 scrolls of remove curse
 h - 13 scrolls of teleportation
 o - 3 scrolls of fear
 C - 2 scrolls of magic mapping
 E - 2 scrolls of immolation
 I - 3 scrolls of fog
 J - 3 scrolls of silence
 S - 2 scrolls of summoning
 Z - a scroll of holy word
Potions
 c - 3 potions of might
 d - 9 potions of curing
 n - 4 potions of flight
 r - 5 potions of mutation
 A - 4 potions of haste {unknown}
 B - 2 potions of resistance {unknown}
 H - 4 potions of ambrosia {unknown}
 K - 2 potions of berserk rage
 O - 4 potions of invisibility
 R - 3 potions of cancellation {unknown}
 W - a potion of brilliance
Miscellaneous
 e - a lightning rod (1/4)
 N - a lamp of fire (inert)
Comestibles
 f - 30 rations


   Skills:
 + Level 12.6 Fighting
 + Level 11.1 Short Blades
 + Level 11.1 Long Blades
 + Level 11.1 Axes
 + Level 11.9 Maces & Flails
 + Level 11.1 Polearms
 + Level 11.1 Staves
 + Level 11.1 Slings
 + Level 11.1 Bows
 + Level 11.1 Crossbows
 + Level 11.1 Throwing
 + Level 12.6 Armour
 + Level 11.1 Dodging
 + Level 11.1 Stealth
 + Level 12.6 Shields
 + Level 11.1 Unarmed Combat
 + Level 11.1 Spellcasting
 + Level 9.4 Conjurations
 + Level 9.4 Hexes
 + Level 9.4 Charms
 + Level 9.4 Summonings
 + Level 9.4 Necromancy
 + Level 9.4 Translocations
 + Level 9.4 Transmutations
 + Level 9.4 Fire Magic
 + Level 9.4 Ice Magic
 + Level 9.4 Air Magic
 + Level 9.4 Earth Magic
 + Level 9.4 Poison Magic
 + Level 12.0 Invocations
 + Level 11.1 Evocations


You had 4 spell levels left.
You knew the following spells:

 Your Spells              Type           Power        Failure   Level  Hunger
a - Mephitic Cloud        Conj/Pois/Air  #####...     2%          3    None
b - Freezing Cloud        Conj/Ice/Air   #####.....   77%         6    ######.
c - Conjure Flame         Conj/Fire      ######..     2%          3    None
d - Poisonous Vapours     Pois/Air       #####.       1%          2    None
e - Irradiate             Conj/Tmut      #####.....   22%         5    #####..
f - Hydra Form            Tmut           #####.....   77%         6    ######.
g - Inner Flame           Hex/Fire       ######..     2%          3    None
h - Sticky Flame          Conj/Fire      ######..     8%          4    ###....
i - Swiftness             Chrm/Air       #####...     1%          2    None

Your spell library contained the following spells:

 Spells                   Type           Power        Failure   Level  Hunger
 Foxfire                  Conj/Fire      ####         1%          1    None
 Magic Dart               Conj           ####         1%          1    None
 Sandblast                Erth           #####.       1%          1    None
 Blink                    Tloc           N/A          1%          2    None
 Call Imp                 Summ           #####...     1%          2    None
 Passwall                 Tmut/Erth      #####...     1%          2    None
 Slow                     Hex            #####...     1%          2    None
 Stone Arrow              Conj/Erth      #####.       2%          3    None
 Passage of Golubria      Tloc           N/A          8%          4    ###....
 Petrify                  Tmut/Erth      #####...     8%          4    ###....
 Fireball                 Conj/Fire      ######....   22%         5    #####..
 Lee's Rapid Deconstruct  Erth           #####.....   22%         5    #####..
 Darkness                 Hex            #####.....   77%         6    ######.
 Invisibility             Hex            #####...     77%         6    ######.
 Statue Form              Tmut/Erth      #####....    77%         6    ######.
 Dragon Form              Tmut           #####.....   100%        7    #######
 Ring of Flames           Chrm/Fire      ######....   100%        7    #######


Dungeon Overview and Level Annotations

Branches:
Dungeon (15/15)            Temple (1/1) D:5            Lair (6/6) D:11
  Swamp (0/4) Lair:3       Spider (3/4) Lair:4        Slime (0/5) Lair:5
    Orc (2/2) D:9             Elf (0/3) Orc:2        Vaults (0/5) D:14
 Bailey (visited)           IceCv (1/1)
 Depths: D:15

Altars:
Ashenzari
Cheibriados
Dithmenos
Elyvilon
Fedhas
Gozag
Hepliaklqana
Kikubaaqudgha
Makhleb
Nemelex Xobeh
Okawaru
Qazlal
Ru
Sif Muna
Trog
Uskayaw
Vehumet
Wu Jian
Xom
Yredelemnul
Zin
The Shining One

Shops:
D:9 *=   D:10 (   D:11 (%?*   Orc:2 [!}%

Portals:
Pandemonium: Orc:2
Trove: D:11 (give 10 potions of heal wounds)

Annotations:
D:7 Menkaure
D:9 1 runed translucent door, einarkeyser's ghost, journeyman TrFi
Lair:3 1 runed translucent door
Lair:4 2 transporters, Funingics's ghost, journeyman OpWz
Spider:3 Jorgrun


Innate Abilities, Weirdness & Mutations

Your experience applies equally to all skills.
You have very sharp teeth.
Your uncanny sense of smell can sniff out nearby items.


Message History

Your body is wracked with pain!
* * * LOW HITPOINT WARNING * * *
Evoke which item? (* to show all) (? for menu, Esc to quit)
Aiming: Disintegrate
Press: ? - help, Shift-Dir - straight line, f - you, p - Ice Fiend That would be overly suicidal.
Okay, then.
Evoke which item? (* to show all) (? for menu, Esc to quit)
Aiming: Disintegrate
Press: ? - help, Shift-Dir - straight line, f - Ice Fiend
Aim: an Ice Fiend (poison gas, magic immune)
The Ice Fiend is unaffected.
You start to feel a little slower.
The Ice Fiend gestures at you. The bolt of cold misses you.
You feel sluggish. The Ice Fiend gestures at you. The bolt of cold hits you!!!
You die...
Your body crumbles into a pile of gold.

#1## #.## #..#
##1# ##.#
###.## ##.#1#
#....# ##@#.##
≈≈≈ #.###.#
≈#≈≈##.##..#
≈≈≈≈≈#..#.##
####
≈#≈≈≈##.##.##
##.##
≈≈≈≈#≈#≈.##.##
#...##
#≈≈≈≈≈≈#≈###.#
..#..##
#≈≈≈≈≈≈≈##.##
.##...##
##≈≈#≈≈##.⌠.#


You could see an Ice Fiend.

Vanquished Creatures
  Rupert (Spider:1)
  An orc warlord (Orc:2)
  An emperor scorpion (Spider:2)
  2 entropy weavers (Spider:1)
  3 spark wasps (Spider:2)
  Erolcha (D:12)
  4 vault guards (D:14)
  5 hydras
  3 catoblepae
  3 two-headed ogres
  A deep troll shaman (Lair:6)
  19 death yaks
  A queen ant (Spider:2)
  5 orc high priests (Orc:2)
  Urug (Lair:6)
  2 soul eaters (Orc:2)
  A fire crab (Lair:3)
  2 unseen horrors
  An infernal demonspawn (Orc:2)
  2 gelid demonspawn
  Pikel (D:4)
  7 orc knights
  6 orb spiders
  2 deep elf magi (D:15)
  16 wolf spiders
  9 orc sorcerers
  A manticore (D:13)
  6 ugly things
  2 cyclopes
  4 centaur zombies
  2 moths of wrath
  5 elephants (Lair:6)
  A rust devil (Orc:2)
  A naga mage (D:15)
  4 black mambas
  A gargoyle (D:10)
  Psyche (D:12)
  15 spiny frogs
  2 torpor snails
  A kobold demonologist (Bailey)
  Maggie (D:7)
  5 komodo dragons
  A yaktaur (D:15)
  4 anaconda simulacra (IceCv)
  2 freezing wraiths (IceCv)
  6 ice devils
  6 demonic crawlers
  3 trolls
  A tengu conjurer (D:13)
  18 jumping spiders
  3 meliai (Spider:1)
  A queen bee (Spider:1)
  2 polar bears
  A hornet (Spider:2)
  Prince Ribbit (D:7)
  6 hippogriffs
  10 blink frogs
  6 slime creatures
  42 redbacks
  Sigmund (D:2)
  A vampire (D:14)
  2 dire elephant simulacra (IceCv)
  3 wyverns
  17 tarantellas
  A human (D:13)
  6 basilisks
  2 wraiths
  Eustachio (D:5)
  27 yaks
  A chaos spawn (Orc:2)
  2 hogs (D:13)
  A hog (shapeshifter) (D:15)
  A hungry ghost (D:8)
  2 death yak simulacra (IceCv)
  4 vampire mosquitoes (D:13)
  2 harpy simulacra (IceCv)
  2 wargs (Orc:2)
  3 iron troll simulacra (IceCv)
  23 soldier ants (Spider:1)
  An acid dragon (D:15)
  2 hydra simulacra (IceCv)
  8 water moccasins
  14 porcupines
  4 ice beasts
  38 orc warriors
  3 sky beasts
  3 black bears
  2 phantoms (D:6)
  28 wolves
  An eye of draining (D:13)
  11 ogres
  4 centaurs
  11 crocodiles
  4 big kobolds
  20 bullfrogs
  A water moccasin skeleton (D:7)
  5 scorpions
  26 killer bees
  14 electric eels
  25 wights
  6 howler monkeys
  8 crimson imps
  3 bullfrog zombies
  7 hounds
  6 jellies
  5 draconian simulacra (IceCv)
  27 orc priests
  3 centaur skeletons
  A gnoll shaman (D:9)
  16 orc wizards
  A bullfrog skeleton (D:13)
  An iguana (D:4)
  Terence (D:2)
  25 worker ants
  2 polar bear simulacra (IceCv)
  A troll simulacrum (IceCv)
  A centaur simulacrum (IceCv)
  A hound zombie (D:6)
  17 gnolls
  13 adders
  A naga simulacrum (IceCv)
  2 shadow imps (D:6)
  5 white imps (IceCv)
  5 ufetubi (IceCv)
  An ooze (D:1)
  3 adder skeletons
  5 worms
  4 dart slugs (D:1)
  3 leopard geckos
  92 orcs
  3 bats
  7 giant cockroaches
  25 goblins
  16 hobgoblins
  4 jackals (D:4)
  29 kobolds
  2 quokkas
  A ball python (D:3)
  7 frilled lizards
  A jackal skeleton (D:4)
  A quokka zombie (D:7)
  8 rats
962 creatures vanquished.

Vanquished Creatures (collateral kills)
  A redback (Spider:2)
1 creature vanquished.

Vanquished Creatures (others)
  Nessos (Lair:6)
  2 centaur warriors
  A cyclops (D:14)
  A hornet simulacrum (D:15)
  A jelly (D:15)
  A white imp (IceCv)
  2 ufetubi (IceCv)
  9 fungi
  2 plants
  8 toadstools (Lair:3)
28 creatures vanquished.

Grand Total: 991 creatures vanquished

Notes
Turn   | Place    | Note
-------+----------+-------------------------------------------
     0 | D:1      | Emblim88 the Gnoll Fighter began the quest for the Orb.
     0 | D:1      | Reached XP level 1. HP: 23/23 MP: 1/1
   104 | D:1      | Reached XP level 2. HP: 25/29 MP: 2/2
   511 | D:1      | Reached XP level 3. HP: 35/35 MP: 3/3
  1118 | D:2      | Noticed Terence
  1143 | D:1      | Reached skill level 1 in Invocations
  1256 | D:2      | Reached skill level 1 in Short Blades
  1256 | D:2      | Reached skill level 1 in Long Blades
  1256 | D:2      | Reached skill level 1 in Axes
  1256 | D:2      | Reached skill level 1 in Polearms
  1256 | D:2      | Reached skill level 1 in Staves
  1256 | D:2      | Reached skill level 1 in Slings
  1256 | D:2      | Reached skill level 1 in Bows
  1256 | D:2      | Reached skill level 1 in Crossbows
  1256 | D:2      | Reached skill level 1 in Throwing
  1256 | D:2      | Reached skill level 1 in Dodging
  1256 | D:2      | Reached skill level 1 in Stealth
  1256 | D:2      | Reached skill level 1 in Unarmed Combat
  1256 | D:2      | Reached skill level 1 in Spellcasting
  1256 | D:2      | Reached skill level 1 in Evocations
  1288 | D:2      | Killed Terence
  1288 | D:2      | Reached XP level 4. HP: 36/41 MP: 5/5
  1312 | D:2      | Found a faded altar of an unknown god.
  1439 | D:2      | Reached skill level 1 in Conjurations
  1439 | D:2      | Reached skill level 1 in Hexes
  1439 | D:2      | Reached skill level 1 in Charms
  1439 | D:2      | Reached skill level 1 in Summonings
  1439 | D:2      | Reached skill level 1 in Necromancy
  1439 | D:2      | Reached skill level 1 in Translocations
  1439 | D:2      | Reached skill level 1 in Transmutations
  1439 | D:2      | Reached skill level 1 in Fire Magic
  1439 | D:2      | Reached skill level 1 in Ice Magic
  1439 | D:2      | Reached skill level 1 in Air Magic
  1439 | D:2      | Reached skill level 1 in Earth Magic
  1439 | D:2      | Reached skill level 1 in Poison Magic
  1456 | D:2      | Noticed Sigmund
  1475 | D:2      | Killed Sigmund
  1475 | D:2      | Reached XP level 5. HP: 47/47 MP: 5/7
  1475 | D:2      | Reached XP level 6. HP: 53/53 MP: 5/8
  2103 | D:3      | You fall into a shaft and drop 3 floors!
  2126 | D:6      | Reached skill level 5 in Maces & Flails
  2454 | D:5      | Entered Level 5 of the Dungeon
  2475 | D:5      | Noticed Eustachio
  2484 | D:5      | Killed Eustachio
  2484 | D:5      | Reached XP level 7. HP: 60/60 MP: 10/10
  2732 | D:4      | Noticed Pikel
  2741 | D:4      | Killed Pikel
  2741 | D:4      | Reached XP level 8. HP: 57/67 MP: 10/12
  2834 | D:4      | Got a spiked ring mail
  2845 | D:4      | Identified the cursed +0 ring mail of Celu {rC+} (You found
                  | it on level 4 of the Dungeon)
  4496 | D:5      | Found a staircase to the Ecumenical Temple.
  4538 | Temple   | Entered the Ecumenical Temple
  4678 | Temple   | Became a worshipper of Gozag Ym Sagoz the Greedy
  5391 | D:6      | Reached XP level 9. HP: 71/72 MP: 14/14
  5458 | D:6      | Found a stormy altar of Qazlal.
  5459 | D:6      | Found a blossoming altar of Fedhas.
  5459 | D:6      | Found a shattered altar of Ashenzari.
  5459 | D:6      | Found a glowing golden altar of the Shining One.
  5463 | D:6      | Found a shimmering blue altar of Sif Muna.
  5463 | D:6      | Found a sparkling altar of Nemelex Xobeh.
  5641 | D:7      | Noticed Menkaure
  6323 | D:7      | Noticed Maggie
  6333 | D:7      | Killed Maggie
  6333 | D:7      | Reached skill level 5 in Invocations
  6351 | D:7      | Noticed Prince Ribbit
  6370 | D:7      | Killed Prince Ribbit
  6370 | D:7      | Reached XP level 10. HP: 80/80 MP: 15/17
  7646 | D:9      | Reached skill level 5 in Short Blades
  7646 | D:9      | Reached skill level 5 in Long Blades
  7646 | D:9      | Reached skill level 5 in Axes
  7646 | D:9      | Reached skill level 5 in Polearms
  7646 | D:9      | Reached skill level 5 in Staves
  7646 | D:9      | Reached skill level 5 in Slings
  7646 | D:9      | Reached skill level 5 in Bows
  7646 | D:9      | Reached skill level 5 in Crossbows
  7646 | D:9      | Reached skill level 5 in Throwing
  7646 | D:9      | Reached skill level 5 in Dodging
  7646 | D:9      | Reached skill level 5 in Stealth
  7646 | D:9      | Reached skill level 5 in Unarmed Combat
  7646 | D:9      | Reached skill level 5 in Spellcasting
  7646 | D:9      | Reached skill level 5 in Evocations
  7674 | D:9      | Found a runed translucent door.
  7793 | D:9      | Found a shimmering altar of Xom.
  7793 | D:9      | Noticed a +2 quarterstaff of chaos
  7793 | D:9      | Noticed einarkeyser's ghost (journeyman TrFi)
  8864 | D:9      | Found a staircase to the Orcish Mines.
  9261 | D:10     | Entered Level 10 of the Dungeon
  9314 | D:10     | Learned a level 3 spell: Mephitic Cloud
  9321 | D:10     | Learned a level 6 spell: Freezing Cloud
  9494 | D:10     | Reached XP level 11. HP: 87/87 MP: 19/19
  9790 | D:10     | Found Ukkumpumn's Antique Weapon Boutique.
  9794 | D:10     | Bought a scorched hunting sling for 214 gold pieces
  9794 | D:10     | Identified the +9 hunting sling of Fobb {venom, rC+ MR+}
                  | (You bought it in a shop on level 10 of the Dungeon)
 10256 | D:11     | Found Tuxt's Magic Scroll Shoppe.
 10264 | D:11     | Bought a scroll of identify for 30 gold pieces
 10264 | D:11     | Bought a scroll of identify for 30 gold pieces
 10264 | D:11     | Bought a scroll of identify for 30 gold pieces
 10264 | D:11     | Bought a scroll of teleportation for 45 gold pieces
 10289 | D:11     | Found Duips's Antique Weapon Boutique.
 10309 | D:11     | Bought a brightly glowing quarterstaff for 216 gold pieces
 10314 | D:11     | Identified the +4 quarterstaff of Corporal Punishment
                  | {antimagic, rPois rC- rN+ Str+8} (You bought it in a shop
                  | on level 11 of the Dungeon)
 10325 | D:11     | Noticed a purple ugly thing
 10339 | D:11     | Killed a purple ugly thing
 10341 | D:11     | Reached skill level 5 in Conjurations
 10341 | D:11     | Reached skill level 5 in Hexes
 10341 | D:11     | Reached skill level 5 in Charms
 10341 | D:11     | Reached skill level 5 in Summonings
 10341 | D:11     | Reached skill level 5 in Necromancy
 10341 | D:11     | Reached skill level 5 in Translocations
 10341 | D:11     | Reached skill level 5 in Transmutations
 10341 | D:11     | Reached skill level 5 in Fire Magic
 10341 | D:11     | Reached skill level 5 in Ice Magic
 10341 | D:11     | Reached skill level 5 in Air Magic
 10341 | D:11     | Reached skill level 5 in Earth Magic
 10341 | D:11     | Reached skill level 5 in Poison Magic
 10358 | D:11     | Learned a level 3 spell: Conjure Flame
 10560 | D:11     | Noticed a brown ugly thing
 10567 | D:11     | Killed a brown ugly thing
 10573 | D:11     | Found Geops's General Store.
 10588 | D:11     | Bought 18 sling bullets for 135 gold pieces
 10641 | D:11     | Found a staircase to the Lair.
 10660 | D:11     | Found Ecas's Food Emporium.
 10795 | D:11     | Found a portal to a secret trove of treasure.
 10877 | D:12     | Found a flagged portal.
 10888 | D:12     | Noticed a purple ugly thing
 10912 | D:12     | Killed a purple ugly thing
 10956 | Bailey   | Entered a bailey
 11149 | Bailey   | Noticed an orc sorcerer
 11151 | Bailey   | Killed an orc sorcerer
 11153 | Bailey   | Found an iron altar of Okawaru.
 11178 | Bailey   | Noticed a soul eater
 11274 | Bailey   | Noticed an orc knight
 11290 | Bailey   | HP: 3/89 [orc warrior/+0 hand axe (24)]
 11377 | Bailey   | Killed an orc knight
 12148 | D:12     | Noticed Psyche
 12152 | D:12     | Killed Psyche
 12159 | D:12     | Reached XP level 12. HP: 65/96 MP: 6/22
 12201 | D:12     | You fall into a shaft and drop 2 floors!
 12203 | D:14     | Identified the amulet "Veyrisch" {Reflect rPois SH+5} (You
                  | acquired it on level 14 of the Dungeon)
 12327 | D:14     | Found a gate to the Vaults.
 12327 | D:14     | Noticed a vault guard
 12327 | D:14     | Noticed a vault guard
 12327 | D:14     | Noticed a vault guard
 12327 | D:14     | Noticed a vault guard
 12348 | D:14     | Killed a vault guard
 12348 | D:14     | Killed a vault guard
 12355 | D:14     | Killed a vault guard
 12363 | D:14     | Killed a vault guard
 13052 | D:12     | You fall into a shaft and drop 2 floors!
 13285 | D:13     | Noticed a centaur warrior
 13289 | D:13     | Killed a centaur warrior
 13350 | D:12     | Noticed Erolcha
 13360 | D:12     | Killed Erolcha
 13360 | D:12     | Reached skill level 10 in Fighting
 13360 | D:12     | Reached skill level 10 in Armour
 13360 | D:12     | Reached skill level 10 in Shields
 13795 | D:13     | Reached XP level 13. HP: 103/103 MP: 24/24
 14664 | D:13     | Learned a level 2 spell: Poisonous Vapours
 14932 | D:13     | Got a fine leather armour
 14946 | D:13     | Learned a level 5 spell: Irradiate
 14953 | D:13     | Learned a level 6 spell: Hydra Form
 15413 | D:13     | Identified the +1 leather armour of Apathy {MR+} (You found
                  | it on level 13 of the Dungeon)
 15877 | D:15     | Entered Level 15 of the Dungeon
 16833 | Lair:1   | Entered Level 1 of the Lair of Beasts
 16972 | Lair:1   | HP: 3/104 [black mamba (18)]
 18824 | Lair:2   | Reached XP level 14. HP: 96/111 MP: 26/26
 19449 | Lair:3   | Reached skill level 10 in Maces & Flails
 20164 | Lair:3   | Found a staircase to the Swamp.
 20542 | Lair:3   | Found a runed translucent door.
 20937 | Lair:4   | Found a transporter.
 20937 | Lair:4   | Found a transporter.
 20937 | Lair:4   | Noticed Funingics's ghost (journeyman OpWz)
 21426 | Lair:4   | Found a hole to the Spider Nest.
 21608 | Lair:4   | Reached skill level 10 in Invocations
 22177 | Lair:5   | Found a staircase to the Slime Pits.
 23092 | Lair:6   | Entered Level 6 of the Lair of Beasts
 23521 | Lair:6   | Reached XP level 15. HP: 119/119 MP: 10/28
 23708 | Lair:6   | Learned a level 3 spell: Inner Flame
 23713 | Lair:6   | Learned a level 4 spell: Sticky Flame
 23735 | Lair:6   | Noticed Urug
 23748 | Lair:6   | Killed Urug
 24012 | Lair:6   | Noticed Nessos
 24023 | Lair:6   | Killed Nessos
 24636 | Lair:6   | Got a warped scale mail
 24968 | Lair:6   | Identified the +4 scale mail of Ru's Delight {MR+ rCorr
                  | Str-4} (You found it on level 6 of the Lair of Beasts)
 25235 | Orc:1    | Entered Level 1 of the Orcish Mines
 25264 | Orc:2    | Entered Level 2 of the Orcish Mines
 25431 | Orc:2    | Found Kynuicwu's Distillery.
 25433 | Orc:2    | Found Naatel's Food Shoppe.
 25452 | Orc:2    | Noticed an orc warlord
 25469 | Orc:2    | Killed an orc warlord
 25469 | Orc:2    | Reached skill level 10 in Short Blades
 25469 | Orc:2    | Reached skill level 10 in Long Blades
 25469 | Orc:2    | Reached skill level 10 in Axes
 25469 | Orc:2    | Reached skill level 10 in Polearms
 25469 | Orc:2    | Reached skill level 10 in Staves
 25469 | Orc:2    | Reached skill level 10 in Slings
 25469 | Orc:2    | Reached skill level 10 in Bows
 25469 | Orc:2    | Reached skill level 10 in Crossbows
 25469 | Orc:2    | Reached skill level 10 in Throwing
 25469 | Orc:2    | Reached skill level 10 in Dodging
 25469 | Orc:2    | Reached skill level 10 in Stealth
 25469 | Orc:2    | Reached skill level 10 in Unarmed Combat
 25469 | Orc:2    | Reached skill level 10 in Spellcasting
 25469 | Orc:2    | Reached skill level 10 in Evocations
 26303 | Orc:2    | Found a staircase to the Elven Halls.
 26401 | Orc:2    | Found a radiant altar of Vehumet.
 27232 | Orc:2    | Bought a potion of invisibility for 112 gold pieces
 27232 | Orc:2    | Bought a potion of might for 56 gold pieces
 27232 | Orc:2    | Bought a potion of invisibility for 112 gold pieces
 27232 | Orc:2    | Bought a potion of heal wounds for 70 gold pieces
 27232 | Orc:2    | Bought 2 potions of heal wounds for 140 gold pieces
 27232 | Orc:2    | Bought a potion of berserk rage for 70 gold pieces
 27232 | Orc:2    | Bought a potion of curing for 42 gold pieces
 27725 | Orc:2    | Found Budokhle's Gadget Shop.
 27725 | Orc:2    | Found Iclipi Eqiont's Antique Armour Boutique.
 27725 | Orc:2    | Found a one-way gate leading to the halls of Pandemonium.
 27751 | Orc:2    | Bought a lamp of fire for 640 gold pieces
 27751 | Orc:2    | Bought a wand of clouds (5) for 432 gold pieces
 27753 | Orc:2    | Bought the +3 robe of Clouds {+Thunder rCloud rElec} for
                  | 742 gold pieces
 27753 | Orc:2    | Found the +3 robe of Clouds {+Thunder rCloud rElec}
 27837 | Orc:2    | Learned a level 2 spell: Swiftness
 27915 | D:9      | Bought the ring "Yvoneam" {rC+ rCorr Int+4} for 636 gold
                  | pieces
 27919 | D:9      | Bought a scroll of identify for 64 gold pieces
 28183 | Spider:1 | Entered Level 1 of the Spider Nest
 28282 | Spider:1 | Reached XP level 16. HP: 94/127 MP: 30/30
 29465 | Spider:1 | Noticed Rupert
 29819 | Spider:1 | Paralysed by Rupert for 6 turns
 29834 | Spider:1 | Killed Rupert
 30008 | Spider:1 | Identified the ring "Odogucurr" {Fire *Drain +Blink +Inv
                  | rPois}
 33059 | Spider:3 | Noticed Jorgrun
 33077 | Spider:3 | Found a frozen archway.
 33083 | IceCv    | Entered an ice cave
 33699 | IceCv    | Got a steaming long sword
 33700 | IceCv    | Identified the cursed +3 long sword "Fanar" {flame, *Drain
                  | rPois MR+ Int+3} (You found it in an ice cave)
 33764 | IceCv    | Reached XP level 17. HP: 89/135 MP: 32/32
 34992 | IceCv    | Noticed an Ice Fiend
 35016 | IceCv    | Killed from afar by an Ice Fiend

Levels and vault maps discovered:
D:1:      dpeg_arrival_oval, layout_loops_ring, serial_forest,
          infiniplex_forest_lined_2, infiniplex_forest_clump_double,
          infiniplex_forest_clump_medium, infiniplex_forest_clump_medium,
          infiniplex_forest_straight_2, infiniplex_forest_clump_medium,
          infiniplex_forest_lined_4_way, infiniplex_forest_end_double,
          infiniplex_forest_clump_long, infiniplex_forest_clump_C, st_stairs_11
D:2:      kennysheep_big_flooded_room, layout_basic,
          chequers_ecumenical_altar_simple_redux, uniq_terence, uniq_sigmund
D:3:      wad_river_or_something, layout_basic, first_ration
D:4:      layout_basic, minmay_misc_feat_enclosed, uniq_pikel
D:5:      layout_basic, minmay_temple_entry_trees, uniq_eustachio
D:6:      layout_basic, grunt_temple_overflow_open
D:7:      layout_rooms, uniq_maggie, uniq_prince_ribbit1, uniq_menkaure
D:8:      layout_basic
D:9:      layout_basic, erik_orc_2, ebering_ghost_xom
D:10:     layout_small_grid, serial_shops, nicolae_shop_trees, minmay_circle_x
D:11:     layout_roguey, grunt_lair_entry_orc_guard_hut, serial_shops, shop,
          shop, shop, shop, nicolae_trove_entry_diagonal
D:12:     layout_roguey, enter_bailey_2, uniq_sonja, uniq_erolcha, uniq_psyche,
          uniq_gastronok, uniq_fannar
D:13:     layout_basic, grunt_livestock, minmay_holes, lemuel_flame_loot_1
D:14:     layout_basic, lightli_vaults_fourway_checkpoint
D:15:     grunt_enter_depths_magical_seal, layout_rooms, drop_trap, st_stairs_11
Temple:   eino_temple_rhombus
Lair:1:   layout_cave_pods, grunt_megastairs_4, serial_bayou_shore_a
Lair:2:   layout_long_grid, eino_small_chamber_without_monster, minivault_11,
          grunt_megastairs_3
Lair:3:   gammafunk_lair_enchanted_lake, layout_regular_city, swamp_mist_pool,
          grunt_megastairs_1
Lair:4:   layout_hall_layers, nicolae_spider_entry_non_spiders,
          gammafunk_ghost_hive, serial_bayou_lagoon_a,
          chequers_serial_rivers_marsh
Lair:5:   layout_loops_ring, minmay_slime_entry_pillars
Lair:6:   grunt_lair_end_beastmaster, layout_regular_city,
          infiniplex_staircase_pool, uniq_nessos, uniq_urug
Spider:1: layout_chambers, special_room [special_room_bee], minivault_29,
          uniq_rupert
Spider:2: layout_spider_delve
Spider:3: layout_spider_delve, portal_ice_cave_entry_dragon, uniq_arachne,
          uniq_kirke, uniq_jorgrun
Orc:1:    layout_diamond_mine, basic_altar, uniq_erica
Orc:2:    pf_orc_diabolical, layout_diamond_mine, basic_altar
IceCv:    ice_cave_caverns_03

Skill      XL: |  1  2  3  4  5  6  7  8  9 10 11 12 13 14 15 16 17 |
---------------+----------------------------------------------------+-----
Invocations    | 1 2 3 4 5 6 7 8 9 10 11 12 | 12.0
Short Blades   | 1 2 3 4 5 6 7 8 9 10 11 | 11.1
Long Blades    | 1 2 3 4 5 6 7 8 9 10 11 | 11.1
Axes           | 1 2 3 4 5 6 7 8 9 10 11 | 11.1
Polearms       | 1 2 3 4 5 6 7 8 9 10 11 | 11.1
Staves         | 1 2 3 4 5 6 7 8 9 10 11 | 11.1
Slings         | 1 2 3 4 5 6 7 8 9 10 11 | 11.1
Bows           | 1 2 3 4 5 6 7 8 9 10 11 | 11.1
Crossbows      | 1 2 3 4 5 6 7 8 9 10 11 | 11.1
Throwing       | 1 2 3 4 5 6 7 8 9 10 11 | 11.1
Dodging        | 1 2 3 4 5 6 7 8 9 10 11 | 11.1
Stealth        | 1 2 3 4 5 6 7 8 9 10 11 | 11.1
Unarmed Combat | 1 2 3 4 5 6 7 8 9 10 11 | 11.1
Spellcasting   | 1 2 3 4 5 6 7 8 9 10 11 | 11.1
Evocations     | 1 2 3 4 5 6 7 8 9 10 11 | 11.1
Conjurations   | 1 2 3 4 5 6 7 8 9 |  9.4
Hexes          | 1 2 3 4 5 6 7 8 9 |  9.4
Charms         | 1 2 3 4 5 6 7 8 9 |  9.4
Summonings     | 1 2 3 4 5 6 7 8 9 |  9.4
Necromancy     | 1 2 3 4 5 6 7 8 9 |  9.4
Translocations | 1 2 3 4 5 6 7 8 9 |  9.4
Transmutations | 1 2 3 4 5 6 7 8 9 |  9.4
Fire Magic     | 1 2 3 4 5 6 7 8 9 |  9.4
Ice Magic      | 1 2 3 4 5 6 7 8 9 |  9.4
Air Magic      | 1 2 3 4 5 6 7 8 9 |  9.4
Earth Magic    | 1 2 3 4 5 6 7 8 9 |  9.4
Poison Magic   | 1 2 3 4 5 6 7 8 9 |  9.4
Maces & Flails | 5 6 7 8 9 10 11 | 11.9
Fighting       | 7 8 9 10 11 12 | 12.6
Armour         | 7 8 9 10 11 12 | 12.6
Shields        | 7 8 9 10 11 12 | 12.6

Action                   |  1- 3 |  4- 6 |  7- 9 | 10-12 | 13-15 | 16-18 || total
-------------------------+-------+-------+-------+-------+-------+-------++-------
Melee: Flail             |   110 |    81 |   235 |   388 |  1291 |       ||  2105
       Bite              |    14 |     5 |    29 |    78 |   241 |    94 ||   461
       Broad axe         |       |       |       |     8 |       |       ||     8
       Quarterstaff      |       |       |       |    69 |       |       ||    69
       Demon blade       |       |       |       |       |    63 |   489 ||   552
       Long sword        |       |       |       |       |       |    79 ||    79
 Fire: Hunting sling     |       |       |       |   190 |       |     3 ||   193
Throw: Dart              |     6 |    17 |    91 |    98 |   171 |   116 ||   499
       Javelin           |       |       |     7 |     4 |     9 |       ||    20
       Stone             |       |       |     2 |     3 |       |       ||     5
 Cast: Poisonous Vapours |       |       |       |       |    87 |    18 ||   105
       Mephitic Cloud    |       |       |       |       |     5 |     4 ||     9
       Conjure Flame     |       |       |       |       |     4 |       ||     4
       Swiftness         |       |       |       |       |       |     5 ||     5
Invok: Call Merchant     |       |       |       |       |     2 |       ||     2
 Abil: Evoke Thunderclou |       |       |       |       |       |    19 ||    19
       Evoke Invisibilit |       |       |       |       |       |     9 ||     9
Evoke: Wand              |       |     1 |     1 |     8 |    14 |    23 ||    47
       Lightning rod     |       |       |       |       |    10 |     3 ||    13
       Tin of tremorston |       |       |       |       |     2 |       ||     2
       Lamp of fire      |       |       |       |       |       |     1 ||     1
  Use: Scroll            |       |     3 |     8 |    13 |    18 |     4 ||    46
       Potion            |       |     2 |       |     5 |     8 |     9 ||    24
 Stab: Paralysed         |       |     3 |     1 |     3 |       |       ||     7
       Sleeping          |       |       |     6 |     5 |    18 |     4 ||    33
       Distracted        |       |       |     1 |     3 |    10 |     3 ||    17
       Invisible         |       |       |       |     1 |       |    28 ||    29
       Petrified         |       |       |       |       |     7 |       ||     7
       Confused          |       |       |       |       |     1 |     4 ||     5
  Eat: Chunk             |     1 |     4 |     7 |       |       |       ||    12
       Ration            |       |       |     2 |     7 |    14 |     9 ||    32
Armor: Scale mail        |    26 |    20 |     2 |       |    33 |       ||    81
       Ring mail         |       |       |    16 |       |       |       ||    16
       Leather armour    |       |       |    15 |    68 |   112 |       ||   195
       Robe              |       |       |       |       |     2 |    55 ||    57
Dodge: Dodged            |    15 |    19 |    57 |   144 |   287 |   241 ||   763
       Deflected         |       |       |       |       |       |     1 ||     1
Block: Kite shield       |    35 |    35 |   111 |    16 |       |       ||   197
       Tower shield      |       |       |       |   305 |  1258 |   805 ||  2368
       Reflection        |       |       |       |     4 |     9 |       ||    13
       Rpst.: Demon blade |       |       |       |       |     7 |    30 ||    37
       Long sword        |       |       |       |       |       |     2 ||     2

Table legend:
 A = Non-vault XP
 B = Vault XP
 C = Vault XP percentage of total XP
 D = Non-vault monster count
 E = Vault monster count
 F = Vault count percentage of total count
                 A         B        C        D         E       F
            +---------+---------+-------+---------+---------+-------
      Total |  115811 |   70143 |  37.7 |     643 |     324 |  33.5
            +---------+---------+-------+---------+---------+-------
        D:1 |      49 |       9 |  15.5 |      16 |       3 |  15.8
        D:2 |      63 |     263 |  80.7 |      23 |       3 |  11.5
        D:3 |     197 |      27 |  12.1 |      33 |       9 |  21.4
        D:4 |     357 |     663 |  65.0 |      22 |       1 |   4.3
        D:5 |      69 |     191 |  73.5 |       9 |       1 |  10.0
        D:6 |    1027 |       0 |   0.0 |      23 |       0 |   0.0
        D:7 |    1298 |     653 |  33.5 |      29 |       2 |   6.5
        D:8 |     323 |       0 |   0.0 |       9 |       0 |   0.0
        D:9 |    2572 |     940 |  26.8 |      41 |      20 |  32.8
       D:10 |    1552 |      43 |   2.7 |      29 |       1 |   3.3
       D:11 |    2745 |     556 |  16.8 |      20 |       5 |  20.0
       D:12 |    1599 |    1451 |  47.6 |      14 |       2 |  12.5
       D:13 |    6575 |     990 |  13.1 |      29 |       5 |  14.7
       D:14 |    5343 |    6224 |  53.8 |      28 |      12 |  30.0
       D:15 |    3562 |    2355 |  39.8 |      11 |       5 |  31.2
     Lair:1 |    6693 |     656 |   8.9 |      34 |       2 |   5.6
     Lair:2 |    4220 |     372 |   8.1 |      20 |       3 |  13.0
     Lair:3 |    6811 |    3167 |  31.7 |      22 |       5 |  18.5
     Lair:4 |    5065 |     218 |   4.1 |      26 |       8 |  23.5
     Lair:5 |   10617 |     430 |   3.9 |      20 |       4 |  16.7
     Lair:6 |   10007 |   10979 |  52.3 |      25 |      21 |  45.7
   Spider:1 |   16533 |   12564 |  43.2 |      53 |      69 |  56.6
   Spider:2 |   18152 |     888 |   4.7 |      46 |       1 |   2.1
   Spider:3 |    4841 |       0 |   0.0 |      16 |       0 |   0.0
      Orc:1 |     116 |    1877 |  94.2 |       1 |       3 |  75.0
      Orc:2 |    5425 |   15148 |  73.6 |      44 |      54 |  55.1
     Bailey |       0 |    3397 | 100.0 |       0 |      43 | 100.0
      IceCv |       0 |    6082 | 100.0 |       0 |      42 | 100.0
            +---------+---------+-------+---------+---------+-------
